 Dungeon Crawl Stone Soup version 0.21.1-1-g345015fe64 (webtiles) character file.

396 JarielCorvus the Skirmisher (level 6, -2/57 HPs)
             Began as a Minotaur Berserker on July 7, 2018.
             Was a Priest of Trog.
             Slain by an orc
             ... wielding a +0 mace
              (6 damage)
             ... on level 4 of the Dungeon.
             The game lasted 00:09:30 (3959 turns).

JarielCorvus the Skirmisher (Minotaur Berserker)    Turns: 3959, Time: 00:09:32

Health: -2/57      AC:  7    Str: 23    XL:     6   Next: 52%
Magic:  5/5        EV: 11    Int:  4    God:    Trog [***...]
Gold:   94         SH:  0    Dex: 10    Spells: 5/5 levels left

rFire    . . .     SeeInvis .   a - +0 falchion
rCold    . . .     Gourm    .   (no shield)
rNeg     . . .     Faith    .   o - +0 scale mail
rPois    +         Spirit   .   (helmet restricted)
rElec    .         Reflect  .   (no cloak)
rCorr    .         Harm     .   (no gloves)
MR       .....                  (no boots)
Stlth    ..........             (no amulet)
HPRegen  0.19/turn              g - ring of poison resistance
MPRegen  0.09/turn              (no ring)

@: no status effects
A: retaliatory headbutt, horns 2
a: Berserk, Trog's Hand, Burn Spellbooks, Renounce Religion


You were on level 4 of the Dungeon.
You worshipped Trog.
Trog was most pleased with you.
You were near starving.

You visited 1 branch of the dungeon, and saw 4 of its levels.

You collected 94 gold pieces.

Inventory:

Hand Weapons
 a - a +0 falchion (weapon)
Armour
 b - a +0 animal skin
 e - a +0 leather armour
 n - a cursed +0 helmet
 o - a +0 scale mail (worn)
 r - a cursed +0 chain mail
Jewellery
 g - a ring of poison resistance (left hand)
Wands
 l - a wand of acid (5)
 m - a wand of polymorph (18)
 u - a wand of enslavement (13)
Scrolls
 d - 4 scrolls of remove curse
 k - a scroll of amnesia
Potions
 f - a potion of mutation {unknown}
 h - a potion of lignification {unknown}
 i - a potion of cancellation {unknown}
 j - a potion of heal wounds {unknown}
 p - a potion of curing {unknown}
 s - a potion of agility {unknown}
Books
 t - a book of Clouds

   Spells                             Type                      Level
   a - Poisonous Vapours              Poison/Air                   2
   b - Mephitic Cloud                 Conjuration/Poison/Air       3
   c - Conjure Flame                  Conjuration/Fire             3
   d - Freezing Cloud                 Conjuration/Ice/Air          6
   e - Ring of Flames                 Charms/Fire                  7
   Trog disapproves of the use of such an item.
Comestibles
 c - 6 rations


   Skills:
 * Level 5.9 Fighting
 + Level 4.8 Long Blades
 * Level 5.3 Armour
 + Level 3.6 Dodging


You had 5 spell levels left.
You didn't know any spells.

Dungeon Overview and Level Annotations

Branches:
Dungeon (4/15)
 Temple: D:4-7

Altars:


Innate Abilities, Weirdness & Mutations

You reflexively headbutt those who attack you in melee.
You have a pair of horns on your head.


Message History

You hit the orc. You headbutt the orc, but do no damage.
The orc is heavily wounded.
The orc closely misses you. You furiously retaliate!
You headbutt the orc!
You kill the orc!
Trog accepts your kill.
The orc priest calls upon Beogh to heal the orc.
The orc's wounds heal themselves!
You hit the orc but do no damage. The orc hits you with a mace.
The orc priest invokes the aid of Beogh against you.
Beogh smites you!
You barely miss the orc. The orc barely misses you. You furiously retaliate!
You headbutt the orc.
The orc priest looks encouraged for a moment.
You completely miss the orc. You headbutt the orc, but do no damage.
The orc is moderately wounded.
The orc priest invokes the aid of Beogh against you.
Beogh smites you!
* * * LOW HITPOINT WARNING * * *
The orc hits you with a mace.
You die...

.....#........# .#
....###.......# ##.##
..............#####.....
......
........##...###..#
..#### #...............#
.## ##.......#######..
.# #........#.....# .#
###....#.o#.....# .##
##.#..#..#@o.....#
..#####....##...o#.....#
.......##.#..##..#######
....#.####..###....
..##### ##.# ...### ..#
##..#### ..# #.# ..# ###
..#


You could see 2 orc priests and an orc.

Vanquished Creatures
  2 ogres (D:4)
  An orc wizard (D:3)
  A worker ant (D:4)
  8 adders
  4 worms (D:2)
  6 dart slugs
  8 orcs
  5 bats
  7 giant cockroaches
  9 goblins
  6 hobgoblins
  10 jackals (D:3)
  A ball python (D:1)
  4 frilled lizards
  10 rats
82 creatures vanquished.

Notes
Turn   | Place    | Note
-------+----------+-------------------------------------------
     0 | D:1      | JarielCorvus the Minotaur Berserker began the quest for the Orb.
     0 | D:1      | Reached XP level 1. HP: 19/19 MP: 0/0
   252 | D:1      | Reached XP level 2. HP: 24/27 MP: 1/1
  1317 | D:2      | Reached XP level 3. HP: 33/33 MP: 2/2
  1324 | D:2      | Reached ** piety under Trog
  1717 | D:2      | Reached XP level 4. HP: 39/41 MP: 3/3
  2765 | D:3      | Reached *** piety under Trog
  2768 | D:3      | Reached XP level 5. HP: 32/47 MP: 4/4
  2850 | D:3      | Reached skill level 5 in Fighting
  3374 | D:4      | Noticed an ogre
  3385 | D:4      | Killed an ogre
  3385 | D:4      | Reached XP level 6. HP: 30/56 MP: 5/5
  3571 | D:4      | Reached skill level 5 in Armour
  3959 | D:4      | Slain by an orc

Skill      XL: |  1  2  3  4  5  6 |
---------------+-------------------+-----
Fighting       | 4 5 |  5.9
Armour         | 3 4 5 |  5.3
Long Blades    | 4 |  4.8
Dodging        | 3 |  3.6

Action                   |  1- 3 |  4- 6 || total
-------------------------+-------+-------++-------
Melee: Falchion          |    75 |   128 ||   203
       Headbutt          |    20 |    32 ||    52
  Use: Scroll            |     2 |     7 ||     9
  Eat: Chunk             |     2 |     6 ||     8
Armor: Animal skin       |     5 |       ||     5
       Leather armour    |    10 |     2 ||    12
       Scale mail        |       |    31 ||    31
Dodge: Dodged            |    42 |    63 ||   105
       Rpst.: Falchion   |    12 |    15 ||    27
